 Dungeon Crawl Stone Soup version 0.18-a0-1677-g2bdad6c (webtiles) character file.

1658 dohliylev the Covert (level 8, -1/57 HPs)
             Began as a Vampire Enchanter on Apr 2, 2016.
             Slain by a yak (6 damage)
             ... on level 7 of the Dungeon.
             The game lasted 01:04:15 (8603 turns).

dohliylev the Covert (Vampire Enchanter)            Turns: 8603, Time: 01:04:15

Health: -1/57      AC:  3    Str:  7    XL:     8   Next: 68%
Magic:  3/14       EV: 15    Int: 18    God:
Gold:   375        SH:  0    Dex: 16    Spells: 4 memorised, 6 levels left

rFire  . . .     SeeInvis +     z - +0 mace (curse)
rCold  . . .     Gourm    .     t - +0 robe (curse)
rNeg   + . .     Faith    .     (no shield)
rPois  .         Spirit   .     (no helmet)
rElec  .         Dismiss  .     y - +0 cloak
rCorr  .         Reflect  .     (no gloves)
SustAt .         Harm     .     (no boots)
MR     .....                    (no amulet)
Stlth  +++++.....               (no ring)
                                (no ring)

@: not resistant to hostile enchantments, quite stealthy
A: fangs 3, see invisible, unbreathing
a: Bat Form


You were on level 7 of the Dungeon.
You were not thirsty.

You visited 1 branch of the dungeon, and saw 9 of its levels.

You collected 375 gold pieces.

Inventory:

Hand Weapons
 a - a +2 dagger of venom
 z - a cursed +0 mace (weapon)
 A - a +4 mace
 C - a +0 short sword of venom
 E - a +0 spear of piercing
 G - a cursed +1 hand axe
Missiles
 m - a tomahawk (quivered)
 u - 29 poisoned needles
 D - 2 needles of sleeping
 F - 8 exploding tomahawks
Armour
 b - a +1 robe
 t - a cursed +0 robe (worn)
 y - a +0 cloak (worn)
Jewellery
 I - a cursed ring of stealth {unknown}
Wands
 d - a wand of slowing (18/48)
 w - a wand of lightning (10/15)
Scrolls
 e - 2 scrolls of magic mapping
 f - 2 scrolls of teleportation
 g - 2 scrolls of blinking
 j - 2 scrolls of immolation
 o - 3 scrolls of enchant weapon
 p - 5 scrolls of identify
 q - 2 scrolls of enchant armour
 x - a scroll of random uselessness
Potions
 h - 2 potions of curing {unknown}
 i - a potion of invisibility {unknown}
 k - a potion of mutation {unknown}
 l - 2 potions of flight {unknown}
 n - a potion of brilliance {unknown}
 s - 5 potions of heal wounds {unknown}
 v - 3 potions of haste {unknown}
 B - a potion of resistance {unknown}
 H - a potion of degeneration {unknown}
Books
 c - a book of Maledictions

   Spells                             Type                      Level
   a - Corona                         Hexes                        1
   b - Ensorcelled Hibernation        Hexes/Ice                    2
   c - Confuse                        Hexes                        3
   d - Tukima's Dance                 Hexes                        3
   e - Dazzling Spray                 Conjuration/Hexes            3
 r - a book of Annihilations

   Spells                             Type                      Level
   a - Poison Arrow                   Conjuration/Poison           6
   b - Chain Lightning                Conjuration/Air              8
   c - Lehudib's Crystal Spear        Conjuration/Earth            8
   d - Glaciate                       Conjuration/Ice              9
   e - Fire Storm                     Conjuration/Fire             9
 J - a book of Air

   Spells                             Type                      Level
   a - Shock                          Conjuration/Air              1
   b - Swiftness                      Charms/Air                   2
   c - Repel Missiles                 Charms/Air                   2
   d - Static Discharge               Conjuration/Air              3
   e - Lightning Bolt                 Conjuration/Air              5


   Skills:
 + Level 2.4 Fighting
 + Level 2.5 Short Blades
 + Level 0.2 Maces & Flails
 + Level 0.4 Throwing
 + Level 4.8 Dodging
 + Level 10.6 Stealth
 + Level 4.2 Spellcasting
 + Level 7.6 Hexes
 + Level 3.4 Ice Magic


You had 6 spell levels left.
You knew the following spells:

 Your Spells              Type           Power        Failure   Level  Hunger
a - Corona                Hex            ####...      1%          1    None
b - Ensorcelled Hibernat  Hex/Ice        ###...       1%          2    ##.....
c - Tukima's Dance        Hex            ####....     1%          3    ###....
d - Dazzling Spray        Conj/Hex       ###.....     12%         3    ###....


Dungeon Overview and Level Annotations

Branches:
Dungeon (9/15)             Temple (0/1) D:6
   Lair: D:8-11         Orc: D:9-12

Altars:
Gozag
Xom
Beogh

Shops:
D:4 =   D:9 =

Annotations:
D:8 Abaxoth's ghost, novice DsWn


Innate Abilities, Weirdness & Mutations

You have razor-sharp teeth.
You have supernaturally acute eyesight.
You can survive without breathing.


Message History

You climb upwards.
Level annotation: Abaxoth's ghost, novice DsWn
There is a stone staircase leading down here.
A jelly comes into view.
There is a stone staircase leading up here.
The yak gores you.
* * * LOW HITPOINT WARNING * * *
You climb upwards.
There is a stone staircase leading down here.
Casting: Dazzling Spray
Confirm with . or Enter, or press ? or * to list all spells.
You don't have enough magic to cast that spell.
You hit the yak.
The yak is severely wounded.
The yak gores you.
* * * LOW HITPOINT WARNING * * *
You closely miss the yak.
The yak is severely wounded.
The yak gores you.
You die... ######### #@Y...... #########

You could see a yak.

Vanquished Creatures
  A yak (D:9)
  A phantom (D:4)
  3 ogres
  3 centaurs
  A giant frog zombie (D:5)
  A jelly (D:9)
  Crazy Yiuf (D:4)
  A hound (D:4)
  An orc priest (D:3)
  4 gnoll shamans (D:5)
  An orc wizard (D:3)
  Terence (D:2)
  An iguana (D:4)
  Ijyb (D:2)
  A worker ant (D:9)
  A hound zombie (D:5)
  36 gnolls
  5 adders
  3 oozes
  An adder skeleton (D:4)
  2 worms (D:2)
  5 dart slugs
  3 giant geckos
  7 orcs
  A ball python (D:2)
  3 giant cockroaches
  6 goblins
  4 hobgoblins
  28 jackals
  2 quokkas (D:3)
  A ball python zombie (D:5)
  4 bats
  6 giant newts
  6 kobolds
  A quokka skeleton (D:5)
  11 rats
158 creatures vanquished.

Vanquished Creatures (others)
  A dancing weapon (D:6)
  5 sheep (D:3)
6 creatures vanquished.

Grand Total: 164 creatures vanquished

Notes
Turn   | Place    | Note
--------------------------------------------------------------
     0 | D:1      | dohliylev the Vampire Enchanter began the quest for the Orb.
     0 | D:1      | Reached XP level 1. HP: 13/13 MP: 3/3
   127 | D:1      | Reached XP level 2. HP: 5/19 MP: 5/5
   131 | D:1      | Learned a level 2 spell: Ensorcelled Hibernation
   353 | D:1      | Reached skill level 5 in Hexes
   432 | D:1      | Reached skill level 5 in Stealth
   882 | D:1      | Reached XP level 3. HP: 20/24 MP: 6/6
  1457 | D:2      | Noticed Terence
  1459 | D:2      | Killed Terence
  1459 | D:2      | Reached XP level 4. HP: 31/31 MP: 7/7
  1625 | D:2      | Noticed Ijyb
  1638 | D:2      | Killed Ijyb
  1638 | D:2      | Reached skill level 6 in Stealth
  1638 | D:2      | Reached skill level 1 in Ice Magic
  2208 | D:3      | Reached XP level 5. HP: 36/36 MP: 8/8
  2497 | D:3      | Found a shimmering altar of Xom.
  2684 | D:3      | Found a roughly hewn altar of Beogh.
  3058 | D:4      | Reached skill level 1 in Fighting
  3058 | D:4      | Reached skill level 7 in Stealth
  3129 | D:4      | Noticed a phantom
  3153 | D:4      | Killed a phantom
  3153 | D:4      | Reached XP level 6. HP: 31/43 MP: 8/10
  3159 | D:4      | Found Fedeqau's Jewellery Shop.
  3444 | D:4      | Reached skill level 8 in Stealth
  4087 | D:4      | Noticed Crazy Yiuf
  4093 | D:4      | Killed Crazy Yiuf
  4093 | D:4      | Reached XP level 7. HP: 48/48 MP: 11/11
  4224 | D:5      | Entered Level 5 of the Dungeon
  5016 | D:5      | Reached skill level 9 in Stealth
  5458 | D:5      | Reached XP level 8. HP: 54/54 MP: 4/13
  5501 | D:5      | Reached skill level 10 in Stealth
  6979 | D:6      | Learned a level 3 spell: Tukima's Dance
  6983 | D:6      | Learned a level 3 spell: Dazzling Spray
  7579 | D:6      | You fall through a shaft for 3 floors!
  7585 | D:9      | Found Aroujod's Jewellery Emporium.
  7772 | D:8      | Noticed Abaxoth's ghost (novice DsWn)
  7816 | D:9      | Found an opulent altar of Gozag.
  8603 | D:7      | Slain by a yak

Vault maps used:
D:1:      noname_arrival_rooms_in_the_neighbourhood, roderic_malta_cross
D:2:      minmay_misc_feat_cross, uniq_terence, uniq_iyjb
D:3:      kb_xom_exploding_sheep, kennysheep_orc_chapel
D:4:      serial_shops, shop, grunt_decor_cap, uniq_crazy_yiuf_cottage
D:5:      lemuel_castle_with_subvaults, first_bread
D:6:      minmay_temple_entry_junction2, roderic_lattice_a,
          kennysheep_generic_room_6
D:7:      kennysheep_generic_room_15
D:8:      grunt_temple_overflow_open, grunt_pakellas_mercury
D:9:      nicolae_gozag_cash_rules_everything_around_me, lair_0_dummy,
          serial_shops, shop

Skill      XL: |  1  2  3  4  5  6  7  8 |
---------------+-------------------------+-----
Hexes          | 5 6 7 |  7.6
Stealth        | 5 6 7 8 9 10 | 10.6
Ice Magic      | 1 2 3 |  3.4
Fighting       | 1 2 |  2.4
Dodging        | 3 4 |  4.8
Spellcasting   | 3 4 |  4.2
Short Blades   | 2 |  2.5
Maces & Flails | |  0.2
Throwing       | |  0.4

Action                   |  1- 3 |  4- 6 |  7- 9 || total
-------------------------+-------+-------+-------++-------
Melee: Dagger            |   114 |    89 |   179 ||   382
       Mace              |       |       |    53 ||    53
Throw: Tomahawk          |       |     3 |     4 ||     7
 Cast: Ensorcelled Hiber |    15 |    33 |    66 ||   114
       Corona            |     1 |     1 |     3 ||     5
       Dazzling Spray    |       |       |    15 ||    15
       Tukima's Dance    |       |       |     1 ||     1
 Abil: End Transformatio |       |       |     2 ||     2
       Bat Form          |       |       |     2 ||     2
  Use: Potion            |       |       |    10 ||    10
       Scroll            |       |       |     7 ||     7
 Stab: Sleeping          |    20 |    33 |    46 ||    99
       Invisible         |       |       |     6 ||     6
